 Dungeon Crawl Stone Soup version 0.32-a0-791-gfc315c9ecd (webtiles) character file.

Game seed: 7946774250629776493

2730 ezpacito the Chopper (level 9, -1/69 HPs)
             Began as a Coglin Chaos Knight on Mar 21, 2024.
             Was a Plaything of Xom.
             Slain by a yak (17 damage)
             ... on level 8 of the Dungeon.
             The game lasted 00:09:33 (7577 turns).

ezpacito the Chopper (Coglin Chaos Knight)          Turns: 7577, Time: 00:09:34

Health: -1/69      AC: 12    Str: 16    XL:     9   Next: 67%
Magic:  13/13      EV:  8    Int: 12    God:    Xom [......]
Gold:   342        SH:  0    Dex: 14    Spells: 2/13 levels left

rFire   + . .        a - +0 hand axe (chaos) {Jacinta}
rCold   . . .        E - +2 spear (chaos) {Heivvut}
rNeg    . . .        x - +0 chain mail
rPois   .            h - +0 helmet
rElec   .            e - scarf {+Inv}
rCorr   .            (no gloves)
SInv    .            z - +0 pair of boots
Will    .....        (amulet unavailable) Stlth
                     (ring unavailable)
HPRegen 0.31/turn    (ring unavailable)
MPRegen 0.13/turn    (no gizmo)

%: no passive effects
@: about to teleport, unable to drink, revving
A: off-hand wielding, slow wielding, warmup strikes, no jewellery, fire
resistance 1, screaming 1, inability to drink after injury 1
a: Invent Gizmo, Renounce Religion, Evoke Invisibility


You were on level 8 of the Dungeon.
You worshipped Xom.
You were a very special plaything of Xom.
You visited 2 branches of the dungeon, and saw 9 of its levels.

You collected 342 gold pieces.

Inventory:

Hand Weapons
 a - a +0 hand axe of chaos (weapon) {Jacinta}
 l - a +1 spear of flaming
 o - a +0 trident {Raimund}
 E - a +2 spear of chaos (offhand) {Heivvut}
 F - a +0 flail of chaos
Missiles
 j - 6 atropa-tipped darts (quivered)
 m - 12 poisoned darts
 v - 3 boomerangs
 y - a throwing net
Armour
 e - a scarf of invisibility (worn)
 h - a +0 helmet (worn)
 x - a +0 chain mail (worn)
 z - a +0 pair of boots (worn)
Talismans
 A - a blade talisman
 D - a beast talisman
Wands
 s - a wand of mindburst (14)
 C - a wand of flame (13)
 G - a wand of charming (13)
Scrolls
 b - 4 scrolls of amnesia
 f - 4 scrolls of torment
 g - a scroll of blinking {unknown}
 i - a scroll of silence {unknown}
 p - a scroll of enchant armour {unknown}
 r - a scroll of summoning {unknown}
 t - 2 scrolls of teleportation
 w - a scroll of poison {unknown}
 B - a scroll of enchant weapon {unknown}
Potions
 c - 2 potions of attraction
 d - a potion of might
 k - 5 potions of enlightenment
 n - a potion of resistance
 q - 4 potions of curing
 u - a potion of lignification


   Skills:
 * Level 6.0 Fighting
 * Level 6.1(6.5) Axes
 + Level 3.1(4.7) Polearms
 * Level 5.1 Armour
 * Level 4.6 Dodging
 + Level 3.2 Stealth
 + Level 2.8 Spellcasting
 + Level 1.8 Alchemy
 + Level 3.9 Evocations


You had 2 spell levels left.
You knew the following spells:

 Your Spells              Type           Power      Damage    Failure   Level
a - Sandblast             Erth           2%         2d4       95%         1
b - Inner Flame           Hex/Fire       1%         N/A       100%        3
s - Sticky Flame          Fire/Alch      3%         2d4       100%        4
x - Stone Arrow           Conj/Erth      2%         3d7       100%        3

Your spell library contained the following spells:

 Spells                   Type           Power      Damage    Failure   Level
 Magic Dart               Conj           4%         1d3       95%         1
 Blink                    Tloc           2%         N/A       99%         2
 Call Imp                 Summ           2%         N/A       99%         2
 Brom's Barrelling Bould  Conj/Erth      1%         2d3       100%        4
 Flame Wave               Conj/Fire      1%         2d4       100%        4


Dungeon Overview and Level Annotations

Branches:
Dungeon (8/15)             Temple (1/1) D:6
   Lair: D:8-11

Altars:
Ashenzari
Cheibriados
Dithmenos
Elyvilon
Fedhas
Gozag
Hepliaklqana
Makhleb
Nemelex Xobeh
Okawaru
Qazlal
Uskayaw
Wu Jian
Xom
Yredelemnul
Zin
The Shining One


Innate Abilities, Weirdness & Mutations

You can wield a second weapon in your off-hand.
It takes a long time for you to wield or remove held weapons.
Your first few attacks do less damage.
You cannot equip rings or amulets.
Your flesh is heat resistant. (rF+)
You occasionally shout uncontrollably at your foes.
You occasionally lose the ability to drink potions when taking damage.


Message History

You feel threatened and lose the ability to drink potions!
The yak gores you but does no damage.
You hit the yak with your +0 hand axe of chaos.
You freeze the yak.
The yak is moderately wounded.
You barely miss the yak with your +0 hand axe of chaos.
You hit the yak with your +0 hand axe of chaos.
The yak appears confused.
You hit the yak but do no damage. The yak gores you.
You take 5 damage, and have 63/69 hp.
You hit the yak with your +2 spear of chaos.
The yak looks even sicker.
The yak is moderately wounded.
You strike the helpless yak from behind!
You hit the yak with your +0 hand axe of chaos. x3
You feel better. The yak gores you. The yak gores you but does no damage.
The yak barely misses you.
You regained 2 hp, and now have 65/69 hp.
You slash the yak with your +0 hand axe of chaos!
You feel better.
The yak is heavily wounded.
You hit the yak but do no damage.
The yak is poisoned.
You hit the yak with your +0 hand axe of chaos.
The yak convulses.
You barely miss the yak with your +0 hand axe of chaos.
You hit the yak with your +2 spear of chaos.
The yak seems to grow stronger.
Xom thinks this is hilarious!
You hear Xom's maniacal laughter.
Your body is wracked with pain!
The yak gores you but does no damage. The yak gores you! x2
* * * LOW HITPOINT WARNING * * *
You take 47 damage, and have 18/69 hp.
MASSIVE DAMAGE!!
As you read the scroll of teleportation, it crumbles to dust.
You feel strangely unstable. The yak gores you.
* * * LOW HITPOINT WARNING * * *
The yak gores you but does no damage. The yak barely misses you.
You take 2 damage, and have 16/69 hp.
You cannot drink potions in your current state!
The yak gores you but does no damage. The yak gores you!
You die...
Xom is highly amused!

... #......# ##....##
# #....# #. #....# ##
#. #...## ...#..
##...#
......######....###
.......YYY........#
.......@YYY........#
#...##########......#
#.. ##......# $
......# #.....# #....
...


You could see 6 yaks.

Vanquished Creatures
  A wyvern (D:7)
  A fire bat (D:6)
  A water moccasin (D:8)
  A swamp drake (D:8)
  A black bear (D:4)
  4 ice beasts
  2 ogres
  A phantom (D:5)
  3 bullfrogs
  A scorpion (D:6)
  A gnoll sergeant (D:7)
  A killer bee (D:8)
  6 bombardier beetles
  3 hounds
  2 jellies (D:6)
  3 gnoll boudas
  2 orc priests (D:5)
  Jessica (D:2)
  A sleepcap (D:6)
  Terence (D:2)
  4 iguanas
  6 orc wizards
  A scorpion zombie (D:4)
  A hound zombie (D:4)
  13 gnolls
  8 adders
  A white imp (D:7)
  2 ufetubi (D:5)
  An adder zombie (D:4)
  2 dart slugs
  A ribbon worm (D:3)
  16 orcs
  2 bats
  7 endoplasms
  4 giant cockroaches
  5 goblins
  3 hobgoblins
  2 jackals (D:2)
  10 kobolds
  3 quokkas
  11 ball pythons
  2 frilled lizards
  A quokka zombie (D:4)
  9 rats
  2 butterflies (D:3)
154 creatures vanquished.

Vanquished Creatures (collateral kills)
  An adder (D:6)
  A dart slug (D:5)
2 creatures vanquished.

Grand Total: 156 creatures vanquished

Notes
Turn   | Place    | Note
-------+----------+-------------------------------------------
     0 | D:1      | ezpacito the Coglin Chaos Knight began the quest for the
                  | Orb.
     0 | D:1      | Reached XP level 1. HP: 18/18 MP: 1/1
    84 | D:1      | Reached skill level 1 in Dodging
    97 | D:1      | Reached XP level 2. HP: 24/24 MP: 2/2
   813 | D:1      | XOM: silly message
   952 | D:2      | Reached XP level 3. HP: 20/29 MP: 3/3
  1023 | D:2      | Noticed Terence
  1030 | D:2      | Killed Terence
  1104 | D:2      | Reached XP level 4. HP: 35/35 MP: 4/4
  1144 | D:2      | Identified the +1 leather armour of Insecurity {Harm Int+2}
  1208 | D:2      | XOM: give mutation
  1208 | D:2      | Gained mutation: You are frail. (-10% HP) [Xom's mischief]
  1301 | D:2      | Noticed Jessica
  1310 | D:2      | Killed Jessica
  1585 | D:2      | XOM: draining
  1853 | D:3      | Reached XP level 5. HP: 24/30 MP: 6/6
  1856 | D:3      | Found a shimmering altar of Xom.
  1862 | D:3      | Reached skill level 1 in Polearms
  1901 | D:3      | XOM: 1-stop teleportation journey
  2074 | D:3      | XOM: 3-stop teleportation journey
  2105 | D:3      | Noticed an ice beast
  2115 | D:3      | Killed an ice beast
  2116 | D:3      | Reached skill level 1 in Stealth
  2116 | D:3      | Reached skill level 1 in Spellcasting
  2202 | D:3      | Reached XP level 6. HP: 43/43 MP: 7/7
  2236 | D:3      | XOM is BORED!
  2236 | D:3      | XOM: summons 3 hostile demons
  2239 | D:3      | XOM: butterfly on damage
  2734 | D:3      | XOM: give mutations
  2734 | D:3      | Lost mutation: You are frail. (-10% HP) [Xom's mischief]
  2734 | D:3      | Gained mutation: Your flesh is heat resistant. (rF+) [Xom's
                  | mischief]
  2734 | D:3      | Gained mutation: You occasionally shout uncontrollably at
                  | your foes. [Xom's mischief]
  2734 | D:3      | Gained mutation: You occasionally lose the ability to drink
                  | potions when taking damage. [Xom's mischief]
  2856 | D:4      | Found a stormy altar of Qazlal.
  3052 | D:4      | Found a basalt altar of Yredelemnul.
  3053 | D:4      | XOM: noise
  3340 | D:4      | Reached skill level 1 in Evocations
  3349 | D:4      | Reached XP level 7. HP: 48/54 MP: 8/8
  3428 | D:4      | Found a glowing golden altar of the Shining One.
  3450 | D:4      | XOM: noise
  3710 | D:5      | Entered Level 5 of the Dungeon
  3781 | D:5      | Reached XP level 8. HP: 19/61 MP: 10/10
  4305 | D:5      | XOM: summons friendly ufetubus
  4307 | D:5      | XOM: confuse monster(s)
  4425 | D:5      | Found a broken altar of Ashenzari.
  4546 | D:5      | Reached skill level 5 in Fighting
  4647 | D:5      | Reached skill level 5 in Axes
  4946 | D:6      | XOM: summons friendly shadow imp
  5058 | D:6      | Found a staircase to the Ecumenical Temple.
  5074 | Temple   | Entered the Ecumenical Temple
  5249 | D:6      | Learned a level 4 spell: Sticky Flame
  5251 | D:6      | Learned a level 1 spell: Sandblast
  5255 | D:6      | Learned a level 3 spell: Inner Flame
  5259 | D:6      | Learned a level 3 spell: Stone Arrow
  5404 | D:6      | Reached XP level 9. HP: 53/68 MP: 12/12
  5614 | D:6      | XOM: 3-stop teleportation journey
  5763 | D:7      | Noticed a +0 hand axe
  5763 | D:7      | Noticed a +0 hand axe
  5765 | D:7      | Found a hide-covered altar of Uskayaw.
  5896 | D:7      | XOM: chaos upgrade
  6073 | D:7      | XOM: summons 1 hostile shadow creature
  6079 | D:7      | Reached skill level 1 in Alchemy
  6151 | D:7      | XOM: 1-stop teleportation journey
  6195 | D:7      | XOM: summons 4 hostile demons
  6338 | D:7      | XOM: chaos upgrade
  6724 | D:7      | Found a hazy altar of Hepliaklqana.
  6998 | D:7      | Found a burning altar of Makhleb.
  7102 | D:8      | Reached skill level 5 in Armour
  7301 | D:8      | XOM: silly message
  7306 | D:8      | XOM: 2-stop teleportation journey
  7575 | D:8      | XOM: torment (36/69 hp)
  7577 | D:8      | Slain by a yak

Illustrated notes

Levels and vault maps discovered:
D:1:      psy_arrival_conway, layout_loops_ring, minivault_24
D:2:      layout_loops_corners, uniq_terence, uniq_jessica
D:3:      layout_loops_ring, xom_butterflies
D:4:      layout_basic, nicolae_yredelemnul_corpse_copse, kennysheep_little_box,
          nicolae_tso_carved_into_rock
D:5:      minmay_diamond_boxcup, layout_gridville, cheibrodos_ashenzari_chains
D:6:      layout_loops_ring, minmay_temple_entry_statues_fountains
D:7:      layout_basic, nzn_hepliaklqana_mist_gate, dancing_weapons_uskayaw,
          lightli_temple_of_fire
D:8:      layout_cave_pods, uniq_grum
Temple:   hellmonk_temple_forest_ring

Skill      XL: |  1  2  3  4  5  6  7  8  9 |
---------------+----------------------------+-----
Dodging        | 1 2 3 4 |  4.6
Armour         | 2 3 4 5 |  5.1
Polearms       | 1 2 3 |  3.1
Stealth        | 1 2 3 |  3.2
Spellcasting   | 1 2 |  2.8
Fighting       | 4 5 6 |  6.0
Axes           | 4 5 6 |  6.1
Evocations     | 1 2 3 |  3.9
Alchemy        | 1 |  1.8

Action                     |  1- 3 |  4- 6 |  7- 9 || total
---------------------------+-------+-------+-------++-------
  Melee: Hand axe          |    42 |   148 |   237 ||   427
         Dagger            |     7 |       |       ||     7
         Spear             |    34 |    45 |    85 ||   164
         Trident           |       |   134 |   203 ||   337
    Use: Potion            |     2 |     1 |     7 ||    10
         Scroll            |       |     1 |    11 ||    12
   Stab: Sleeping          |     1 |     1 |       ||     2
         Paralysed         |       |     3 |     2 ||     5
         Confused          |       |     1 |     9 ||    10
         Petrified         |       |       |     4 ||     4
         Petrifying        |       |       |     3 ||     3
 Armour: Leather armour    |    14 |       |       ||    14
         Scale mail        |     8 |    75 |       ||    83
         Chain mail        |       |    42 |   281 ||   323
  Dodge: Dodged            |    19 |    65 |   108 ||   192

Table legend: (Time is in decaauts)
 A = Elapsed time spent in this place.
 B = Non-inter-level travel time spent in this place.
 C = Inter-level travel time spent in this place.
 D = Time resting spent in this place.
 E = Time spent auto-exploring this place.
 F = Levels seen in this place.
 G = Mean time per level.
                   A        B        C        D        E       F      G
               +--------+--------+--------+--------+--------+-----+--------+
         Total |   7611 |   7231 |    380 |    499 |   5523 |   9 |  845.7 |
       Dungeon |   7598 |   7219 |    379 |    499 |   5512 |   8 |  949.8 |
        Temple |     12 |     12 |      0 |      0 |     11 |   1 |   12.0 |
               +--------+--------+--------+--------+--------+-----+--------+

Top non-repeatable levels by time:
     D:7: 1353 daAuts
     D:5: 1245 daAuts
     D:3: 969 daAuts
     D:4: 936 daAuts
     D:2: 931 daAuts
     D:1: 915 daAuts
     D:6: 758 daAuts
     D:8: 489 daAuts
  Temple: 12 daAuts
